Map: Torres Crepusculares

Players

TheZergLord - Winner!

  • Race: Zerg Zerg
  • League: Master

Sif

  • Race: Terran Terran
  • League: Master

VOD

Have the link to the VOD?

Description

Time

  • Played on: Feb. 20, 2016, 6:49 a.m.
  • Length: 12:23
Show
View Real Time Build Order
Export as new Build Order

TheZergLord Zerg - Winner!

Build Orders: Hatch First, Muta Ling Bane 

Get SALT Encoding   

  12  0:01  Drone  
  13  0:12  Overlord  
  13  0:18  Drone  
  14  0:31  Drone x2  
  16  0:36  Drone  
  17  0:52  Hatchery  
  17  0:56  Drone  
  17  1:10  Spawning Pool  
  16  1:12  Drone  
  16  1:16  Extractor  
  16  1:18  Drone  
  16  1:22  Drone  
  18  1:31  Drone  
  19  1:43  Overlord  
  19  1:57  Queen  
  19  1:58  Zergling x2  
  22  2:02  Zergling x2  
  22  2:05  Queen  
  22  2:06  Zergling x2  
  26  2:13  Drone  
  27  2:22  Metabolic Boost  
  27  2:24  Drone x2  
  27  2:29  Drone  
  30  2:41  Queen  
  32  2:47  Hatchery  
  32  2:50  Overlord  
  31  2:53  Drone  
  31  2:55  Drone  
  33  2:59  Drone  
  32  3:21  Drone x4  
  32  3:22  Drone  
  32  3:25  Overlord  
  37  3:27  Drone x3  
  41  3:34  Zergling x4  
  41  3:38  Drone  
  43  3:48  Drone, Overlord  
  43  3:51  Queen x2  
  48  4:00  Queen  
  50  4:02  Overlord  
  50  4:03  Drone  
  50  4:04  Drone  
  50  4:05  Drone  
  53  4:10  Spine Crawler  
  53  4:13  Drone x2  
  53  4:14  Drone  
  55  4:24  Overlord  
  55  4:25  Drone x2  
  55  4:26  Drone x3  
  59  4:32  Queen  
  59  4:35  Lair  
  61  4:41  Zergling x8  
  65  4:48  Overlord  
  65  4:53  Evolution Chamber  
  65  4:55  Evolution Chamber  
  65  4:57  Zergling x10  
  65  4:58  Zergling x2  
  69  5:04  Overlord  
  69  5:05  Zergling x4  
  69  5:06  Zergling x4  
  73  5:15  Zergling x12  
  73  5:16  Zergling x2  
  73  5:20  Zerg Ground Armor Level 1  
  80  5:24  Drone x2  
  80  5:25  Drone  
  83  5:30  Drone x3  
  83  5:33  Drone x3  
  89  5:47  Zergling x4  
  89  5:48  Zergling x8  
  95  5:51  Zerg Melee Weapons Level 1  
  95  6:00  Drone  
  95  6:02  Drone  
  95  6:03  Zergling x2  
  98  6:07  Hatchery  
  81  6:22  Drone x10  
  89  6:31  Drone x2  
  89  6:32  Drone x3  
  93  6:37  Drone  
  91  6:50  Drone  
  91  6:51  Drone x2  
  94  6:55  Drone, Hatchery, Extractor  
  94  6:56  Drone, Extractor  
  94  6:57  Extractor  
  94  6:59  Extractor x2  
  90  7:05  Drone  
  90  7:06  Drone x5  
  94  7:25  Zergling x10  
  94  7:26  Zergling x6  
  102  7:32  Queen  
  102  7:33  Spire  
  102  7:34  Baneling Nest  
  102  7:44  Zergling x2  
  102  7:45  Zergling x2  
  102  7:47  Overlord x4  
  102  7:49  Zerg Melee Weapons Level 2  
  104  7:52  Overlord x2  
  104  8:02  Zerg Ground Armor Level 2  
  104  8:03  Overlord x3  
  104  8:04  Overlord x2  
  104  8:12  Zergling x2  
  105  8:13  Zergling x22  
  105  8:14  Queen  
  115  8:31  Zergling x2  
  115  8:32  Zergling x26  
  126  8:38  Centrifical Hooks  
  126  8:40  Baneling  
  126  8:41  Baneling x5  
  124  8:43  Drone x4  
  124  8:44  Drone  
  129  8:50  Mutalisk x4  
  137  9:04  Mutalisk  
  137  9:05  Mutalisk  
  137  9:07  Zergling x8  
  137  9:08  Zergling x6  
  137  9:09  Extractor  
  147  9:14  Hatchery  
  145  9:19  Mutalisk x3  
  149  9:26  Zergling x2  
  149  9:27  Zergling x32  
  154  9:44  Infestation Pit  
  153  9:56  Zergling x2  
  153  9:57  Zergling x34  
  171  10:03  Extractor  
  171  10:06  Baneling x7  
  170  10:07  Baneling x2  
  170  10:10  Mutalisk x2  
  170  10:11  Mutalisk x2  
  178  10:14  Zergling x6  
  178  10:15  Zergling x6  
  183  10:23  Zergling x2  
  183  10:24  Zergling x10  
  183  10:25  Zergling x12  
  195  10:37  Zergling x2  
  195  10:38  Zergling x10  
  144  11:01  Mutalisk  
  144  11:02  Mutalisk x10  
  162  11:09  Overlord  
  152  11:14  Queen  
  152  11:18  Zergling x34  
  148  11:19  Zergling x16  
  148  11:23  Baneling  
  148  11:24  Baneling x11  
  166  11:45  Zergling x2  
  166  11:46  Zergling x34  
Show
View Real Time Build Order
Export as new Build Order

Sif Terran 

Build Orders:  

Get SALT Encoding   

  12  0:00  SCV  
  13  0:12  SCV  
  14  0:17  Supply Depot  
  14  0:25  SCV  
  15  0:39  SCV  
  15  0:40  Barracks  
  16  0:44  Refinery  
  16  0:51  SCV  
  17  1:03  SCV  
  18  1:15  SCV  
  19  1:27  Orbital Command  
  19  1:28  Barracks Reactor  
  19  1:43  Command Center  
  19  1:53  Supply Depot  
  19  1:54  SCV  
  20  2:05  Reaper x2  
  20  2:06  SCV  
  23  2:19  Barracks  
  23  2:26  Barracks  
  23  2:31  SCV  
  23  2:34  Refinery  
  23  2:39  Marine x2  
  23  2:43  SCV  
  26  2:55  Orbital Command  
  26  2:56  SCV  
  26  2:57  Marine x2  
  29  3:17  Marine x2  
  29  3:18  Barracks Tech Lab  
  29  3:19  SCV  
  32  3:22  SCV  
  32  3:24  Factory  
  33  3:35  Marine x2  
  33  3:38  Marine x2  
  33  3:39  SCV  
  33  3:40  SCV  
  39  3:43  Supply Depot  
  39  3:49  Stimpack  
  39  3:53  Marine x2  
  41  4:02  Marine x2  
  43  4:03  SCV x2  
  43  4:07  Supply Depot  
  43  4:09  Starport  
  45  4:11  Factory Reactor, Marine x2  
  47  4:19  Marine, SCV  
  47  4:20  Marine, SCV  
  51  4:29  Marine x2  
  51  4:31  SCV  
  54  4:32  SCV  
  54  4:38  Supply Depot  
  55  4:39  Marine  
  55  4:40  Marauder  
  55  4:43  SCV  
  55  4:44  SCV  
  60  4:46  Marine  
  61  4:55  SCV  
  61  4:59  SCV  
  63  5:01  Medivac x2, Supply Depot  
  63  5:02  Marine  
  63  5:04  Factory Tech Lab  
  63  5:06  Marauder  
  70  5:19  Command Center  
  70  5:23  Marine x3, SCV x2  
  70  5:26  Marine  
  76  5:31  Medivac  
  78  5:44  Barracks Reactor  
  78  5:50  Medivac, Supply Depot, Marine x2  
  78  5:51  Supply Depot, Siege Tank  
  78  5:55  Engineering Bay  
  85  5:57  Refinery, Engineering Bay  
  85  6:02  Refinery, SCV  
  86  6:09  SCV  
  66  6:24  Marine x5  
  65  6:26  Siege Tank  
  65  6:31  Orbital Command  
  68  6:34  SCV, Barracks  
  68  6:38  SCV  
  70  6:42  Marine  
  70  6:46  SCV  
  72  6:58  Marine x3  
  72  6:59  Marine x2  
  77  7:10  Siege Tank  
  77  7:11  Orbital Command  
  77  7:14  Terran Infantry Armor Level 1, Terran Infantry Weapons Level 1  
  77  7:15  Supply Depot  
  80  7:16  Marine x4  
  80  7:17  Marine  
  83  7:27  Barracks Reactor  
  83  7:29  Barracks  
  83  7:34  Marine x3  
  86  7:42  Siege Tank  
  89  7:51  Marine x3  
  89  7:53  Medivac x2  
  89  7:54  SCV x3  
  99  7:59  Armory  
  99  8:01  Missile Turret  
  99  8:02  Missile Turret  
  99  8:03  Marine  
  100  8:06  SCV  
  101  8:14  Siege Tank  
  104  8:23  Medivac  
  97  8:38  Marine x7  
  104  8:41  Barracks Reactor  
  104  8:45  Barracks  
  104  8:46  Siege Tank  
  107  8:52  SCV x3  
  107  8:54  Refinery  
  107  8:55  Refinery, Marine x2  
  110  8:56  Marine x5, Barracks  
  110  8:57  Medivac  
  110  8:58  Factory, Barracks  
  110  9:00  Medivac  
  121  9:05  SCV x3  
  124  9:32  Siege Tank  
  124  9:34  Marine x6  
  124  9:35  Marine x3  
  116  9:43  Factory Tech Lab  
  116  9:46  Missile Turret  
  116  9:48  Missile Turret  
  116  9:52  Command Center, Marine x5  
  120  9:53  Marauder, Marine x2  
  125  10:00  Missile Turret  
  125  10:02  Barracks Reactor  
  125  10:09  Barracks Reactor  
  125  10:10  Barracks Reactor  
  125  10:11  Marine, Siege Tank  
  125  10:13  Supply Depot  
  125  10:14  Supply Depot  
  129  10:30  Marine x4  
  129  10:34  Marine x5  
  128  10:47  Marine x7  
  128  10:48  Marine x3  
  100  10:52  Orbital Command, Marine x4  
  73  10:58  Marine, Siege Tank  
  76  11:05  Marine  
  76  11:15  Marine x2  
  76  11:16  Marine  
  76  11:17  Marine x3  
  80  11:23  Marine  
  80  11:24  Marine  
  82  11:29  SCV  
  83  11:34  Marine x3  
  83  11:35  Marine  
  87  11:40  Marine x3  
  87  11:42  SCV  
  87  11:43  SCV  
  92  12:00  Marine  
  92  12:01  Marine x4  
  99  12:04  SCV x2  
Tags
 
Add a new tag
Caveats
  • Supply blocks, unpowered buildings, or Contaminate may cause inaccurate times.
  • Supply counts are checked every 10 seconds.